 Dungeon Crawl Stone Soup version 0.24-a0-7-g1bb0902 (webtiles) character file.

Game seed: 9028460475784504126

338 ohad the Cudgeler (level 6, 0/93 HPs)
             Began as an Ogre Berserker on Jan 30, 2019.
             Was a Priest of Trog.
             Slain by an adder (3 damage)
             ... on level 4 of the Dungeon.
             The game lasted 00:09:27 (3535 turns).

ohad the Cudgeler (Ogre Berserker)                  Turns: 3535, Time: 00:09:27

Health: 0/93       AC:  4    Str: 27    XL:     6   Next: 55%
Magic:  6/6        EV: 10    Int:  8    God:    Trog [***...]
Gold:   197        SH:  0    Dex: 10    Spells: 5/5 levels left

rFire    . . .     SeeInvis .   o - +0 flail
rCold    . . .     Gourm    .   (no shield)
rNeg     . . .     Faith    .   b - +1 animal skin
rPois    .         Spirit   .   (helmet restricted)
rElec    .         Reflect  .   (no cloak)
rCorr    .         Harm     .   (gloves unavailable)
MR       .....                  (boots unavailable)
Stlth    ..........             (no amulet)
HPRegen  0.25/turn              j - ring of stealth
MPRegen  0.10/turn              (no ring)

@: confused, berserking (expiring), very quick
A: large, unfitting armour, tough skin 1
a: Berserk, Trog's Hand, Renounce Religion


You were on level 4 of the Dungeon.
You worshipped Trog.
Trog was most pleased with you.
You were very hungry.

You visited 1 branch of the dungeon, and saw 4 of its levels.

You collected 197 gold pieces.

Inventory:

Hand Weapons
 a - a +0 mace
 e - a +1 mace of protection
 n - a +1 short sword of distortion
 o - a +0 flail (weapon)
Armour
 b - a +1 animal skin (worn)
Jewellery
 j - a ring of stealth (left hand)
Scrolls
 d - a scroll of identify
Potions
 f - a potion of curing
 g - a potion of ambrosia {unknown}
 h - 2 potions of heal wounds {unknown}
 i - a potion of degeneration
 m - a potion of brilliance
Comestibles
 c - 5 rations


   Skills:
 - Level 4.0 Fighting
 + Level 6.5 Maces & Flails
 - Level 2.7 Dodging


You had 5 spell levels left.
You didn't know any spells.
Your spell library was empty.

Dungeon Overview and Level Annotations

Branches:
Dungeon (4/15)
 Temple: D:4-7

Altars:
Dithmenos
Fedhas
Yredelemnul

Annotations:
D:2 exclusion: oklob plant


Innate Abilities, Weirdness & Mutations

You are too large for most types of armour.
You have tough skin. (AC +1)


Message History

Beogh smites you!
* * * LOW HITPOINT WARNING * * *
The adder misses you.
You hear an angry hiss.
A frilled lizard comes into view.
The frilled lizard hisses angrily.
The adder skeleton closely misses you.
You sock the adder skeleton!
You destroy the adder skeleton!
Trog accepts your kill. The orc barely misses you.
An orc comes into view. It is wielding a +2 dagger of venom.
An orc priest comes into view. It is wielding a +0 club.
The orc hits you but does no damage.
The orc priest shouts!
You barely miss the adder.
The orc hits you from afar with a +0 trident!
* * * LOW HITPOINT WARNING * * *
The adder bites you.
You die...

###.......
...?...%.######
....l.>.......##
..............#
.. .............
... #...........
....#....?......
#....@........
###...oSoo....#
.......oooo....#
#..............#
..#.....o......#
...............#
#.###..#.##o####
.. ##o#.. .#
#.##. .#


You could see 2 orc priests, an orc wizard, an adder, 7 orcs and a frilled
lizard.

Vanquished Creatures
  An ice beast (D:2)
  An orc priest (D:3)
  An orc wizard (D:3)
  Terence (D:3)
  4 adders
  2 oozes
  An adder skeleton (D:4)
  A worm (D:2)
  3 dart slugs
  2 leopard geckos (D:3)
  8 orcs (D:3)
  14 bats
  3 giant cockroaches (D:3)
  2 gnoll zombies (D:3)
  11 goblins
  11 hobgoblins
  9 jackals
  12 kobolds
  A quokka (D:2)
  3 frilled lizards
  9 rats
100 creatures vanquished.

Notes
Turn   | Place    | Note
-------+----------+-------------------------------------------
     0 | D:1      | ohad the Ogre Berserker began the quest for the Orb.
     0 | D:1      | Reached XP level 1. HP: 24/24 MP: 1/1
    44 | D:1      | Reached skill level 3 in Maces & Flails
    64 | D:1      | Reached XP level 2. HP: 16/32 MP: 2/2
   646 | D:1      | Reached XP level 3. HP: 36/39 MP: 3/3
  1279 | D:2      | Reached ** piety under Trog
  1389 | D:2      | Reached skill level 4 in Maces & Flails
  1527 | D:2      | Reached XP level 4. HP: 48/48 MP: 4/4
  1697 | D:2      | Noticed an ice beast
  1716 | D:2      | Killed an ice beast
  1716 | D:2      | Reached skill level 5 in Maces & Flails
  1716 | D:2      | Reached XP level 5. HP: 54/54 MP: 5/5
  1864 | D:2      | Found a blossoming altar of Fedhas.
  1884 | D:2      | Reached *** piety under Trog
  1905 | D:2      | Noticed an oklob plant
  2425 | D:3      | Reached XP level 6. HP: 56/62 MP: 6/6
  2532 | D:3      | Reached skill level 6 in Maces & Flails
  3113 | D:3      | Found a shadowy altar of Dithmenos.
  3128 | D:3      | Noticed Terence
  3163 | D:3      | Killed Terence
  3384 | D:3      | Found a basalt altar of Yredelemnul.
  3535 | D:4      | HP: 3/93 [orc/+0 trident (7)]
  3535 | D:4      | Slain by an adder

Vault maps used:
D:1:      mrwooster_arrival_statue
D:2:      tgw_fedhas
D:3:      nicolae_dithmenos_shadow_blocks, lemuel_zombie_altar_yredelemnul,
          uniq_terence
D:4:      lemuel_crystal_altar, serial_shops, nicolae_shop_overgrown_old_shop

Skill      XL: |  1  2  3  4  5  6 |
---------------+-------------------+-----
Maces & Flails | 3 4 5 6 |  6.5
Fighting       | |  4.0
Dodging        | |  2.7

Action                   |  1- 3 |  4- 6 || total
-------------------------+-------+-------++-------
Melee: Mace              |   129 |    97 ||   226
       Flail             |       |    82 ||    82
Invok: Berserk           |       |     3 ||     3
  Use: Scroll            |       |     8 ||     8
 Stab: Sleeping          |     2 |     5 ||     7
  Eat: Chunk             |     2 |     8 ||    10
Armor: Animal skin       |    73 |    66 ||   139
Dodge: Dodged            |    84 |    95 ||   179

Table legend:
 A = Non-vault XP
 B = Vault XP
 C = Vault XP percentage of total XP
 D = Non-vault monster count
 E = Vault monster count
 F = Vault count percentage of total count
                 A         B        C        D         E       F
            +---------+---------+-------+---------+---------+-------
      Total |     444 |      40 |   8.3 |      97 |       3 |   3.0
            +---------+---------+-------+---------+---------+-------
        D:1 |      40 |       0 |   0.0 |      22 |       0 |   0.0
        D:2 |     223 |       0 |   0.0 |      36 |       0 |   0.0
        D:3 |     175 |      40 |  18.6 |      37 |       3 |   7.5
        D:4 |       6 |       0 |   0.0 |       2 |       0 |   0.0
            +---------+---------+-------+---------+---------+-------
